 Dungeon Crawl Stone Soup version 0.17-a0-1646-geb1493d (webtiles) character file.

57 Evilsethoss the Ducker (level 3, 0/36 HPs)
             Began as a Troll Fighter on Aug 9, 2015.
             Was an Initiate of the Shining One.
             Killed from afar by an orc wizard (7 damage)
             ... with a puff of flame
             ... on level 4 of the Dungeon.
             The game lasted 00:11:20 (996 turns).

Evilsethoss the Ducker (Troll Fighter)               Turns: 996, Time: 00:11:20

Health: 0/36       AC:  5    Str: 30    XL:     3   Next: 73%
Magic:  0/2        EV:  8    Int:  4    God:    the Shining One [......]
Gold:   106        SH:  9    Dex:  9    Spells: 0 memorised, 2 levels left

rFire  . . .     SeeInvis .     a - +0 war axe
rCold  . . .     Clarity  .     b - +0 robe
rNeg   . . .     SustAt   .     c - +0 shield
rPois  .         Gourm    +     (helmet restricted)
rElec  .         Spirit   +     (no cloak)
rCorr  .         Warding  .     (gloves unavailable)
rMut   .         Stasis   .     (boots unavailable)
MR     .....                    m - amulet of guardian spirit
Stlth  +.........               (no ring)
                                (no ring)

@: mighty, not resistant to hostile enchantments, very unstealthy
A: unfitting armour, claws 3, fast metabolism 3, gourmand, regeneration 2,
shaggy fur 1, tough skin 2
a: Renounce Religion


You were on level 4 of the Dungeon.
You worshipped the Shining One.
The Shining One was noncommittal.
You were not hungry.

You visited 2 branches of the dungeon, and saw 5 of its levels.

You collected 106 gold pieces.

Inventory:

Hand weapons
 a - a +0 war axe (weapon)
 f - a +0 hunting sling
 n - a +0 trident
Missiles
 k - 44 stones (quivered)
Armour
 b - a +0 robe (worn)
 c - a +0 shield (worn)
Jewellery
 m - an amulet of guardian spirit (around neck)
Scrolls
 g - 2 scrolls of teleportation {unknown}
 h - a scroll of identify {unknown}
 j - a scroll of random uselessness {unknown}
Potions
 d - a potion of might
 l - a potion of poison {unknown}
 p - a potion of flight {unknown}
Comestibles
 o - a beef jerky
 q - 2 fruits


   Skills:
 + Level 2.6 Fighting
 + Level 1.9 Axes
 + Level 3.1 Dodging
 + Level 0.2 Stealth
 + Level 2.9 Shields


You had 2 spell levels left.
You didn't know any spells.

Dungeon Overview and Level Annotations

Branches:
Dungeon (4/15)             Temple (1/1) D:4

Altars:
Ashenzari
Cheibriados
Fedhas
Gozag
Kikubaaqudgha
Makhleb
Nemelex Xobeh
Okawaru
Ru
Trog
Yredelemnul
Zin
The Shining One


Innate Abilities, Weirdness & Mutations

You are too large for most types of armour.
You have claws for hands.
Your metabolism is lightning-fast.
You like to eat raw meat.
You heal very quickly.
You are covered in fur (AC +1).
You have very tough skin (AC +2).


Message History

* * * LOW HITPOINT WARNING * * *
A magic dart appears from out of thin air!
The magic dart hits you!
* * * LOW HITPOINT WARNING * * *
It was a potion of curing.
You feel better.
You hear some strange, mumbled words.
A puff of flame appears from out of thin air!
You block the puff of flame.
You closely miss something. You block its attack. Something hits you.
* * * LOW HITPOINT WARNING * * *
You hear some strange, mumbled words.
A puff of frost appears from out of thin air!
The puff of frost hits you!
* * * LOW HITPOINT WARNING * * *
Something hits you.
Number of times to repeat, then command key:
Okay, then.
A puff of flame appears from out of thin air!
The puff of flame hits you!
You die...

#......... ..
.##..........# .
..#......# ... #. #..
.....###.. .####..
#......... #..#..
##...###... #..#.#
##{...#≈≈≈≈≈
..###..#.####.#...#≈#.))
#......@..##..##...≈.)..
#...##.##.##.###...≈....
. #.. #...## #...≈..)>
### ###..# #...≈....
#### #...≈.... #..#≈#...
.....#≈≈≈≈≈ ####.###...
......)...


There were no monsters in sight!

Vanquished Creatures
  An orc wizard (D:4)
  An adder (D:2)
  3 worms
  4 orcs
  4 hobgoblins
  2 bats (D:3)
  A giant cockroach (D:3)
  A giant newt (D:3)
  3 goblins
  2 kobolds
  A quokka (D:2)
  3 rats
26 creatures vanquished.

Notes
Turn   | Place    | Note
--------------------------------------------------------------
     0 | D:1      | Evilsethoss the Troll Fighter began the quest for the Orb.
     0 | D:1      | Reached XP level 1. HP: 22/22 MP: 0/0
   431 | D:2      | Reached XP level 2. HP: 29/29 MP: 1/1
   709 | D:3      | Found a glowing golden altar of the Shining One.
   728 | D:3      | Became a worshipper of the Shining One
   779 | D:3      | Reached XP level 3. HP: 36/36 MP: 2/2
   828 | D:4      | Found a staircase to the Ecumenical Temple.
   879 | Temple   | Entered the Ecumenical Temple
   955 | D:4      | Reached skill level 3 in Dodging
   983 | D:4      | HP: 1/36 [something/puff of frost (7)]
   996 | D:4      | Killed from afar by an orc wizard

Vault maps used:
D:1:      wheals_arrival_shading
D:2:      lemuel_round_altar, first_bread
D:3:      minmay_parallelograms, tso_altar
D:4:      overflow_temple_1_default, kennysheep_mini_moat,
          minmay_temple_entry_water_ring, hangedman_decor_points,
          serial_bayou_crossing
Temple:   temple_eino_lava_12

Action                   || total
-------------------------++-------
Melee: War axe           ||    95
  Use: Potion            ||     3
  Eat: Beef jerky        ||     1
       Bread ration      ||     2
